AoeStats
← Lieut.Wan

Black Forest

508392718Analyzed
4v4 RM · 9d ago on Sep 22, 2026· 51m 9s· 8 players
Game mode
Random Map
Map size
Large (8 player)
Population
200
Speed
Normal
Resources
Standard
Victory
Conquest
Starting age
Dark Age
Ending age
Imperial Age
RankedLock teamsTeams togetherTeam positionsShared explorationLock speedFull tech treeHidden civsTurbo modeCheats
Victory
Defeat
🇺🇸 Franks · United States
854
+22
🇩🇪 Khmer · Germany
816
+8
🇨🇳 Burgundians · China
629
+15
🇨🇳 Wu · China
498
+20
🇮🇹 Cumans · Italy
717
-16
🇻🇳 Vietnamese · Vietnam
634
-13
🇩🇪 Wei · Germany
617
-12
🇹🇷 Bohemians · Türkiye
524
-9
Peppe_04
0:27 Loom
13:53 Feudal Age
15:08 Man-at-Arms
20:49 Horse Collar
21:01 Double-Bit Axe
29:33 Wheelbarrow
32:05 Castle Age
30:19 Arson
32:41 Forging
32:33 Scale Mail Armor
33:33 Bow Saw
33:28 Heavy Plow
34:55 Iron Casting
34:36 Chain Mail Armor
34:27 Scale Barding Armor
33:45 Pikeman
34:43 Long Swordsman
35:29 Squires
37:01 Hand Cart
36:32 Town Watch
37:53 Caravan
42:07 Imperial Age
39:40 Town Patrol
40:18 Chain Barding Armor
39:22 Light Cavalry
40:13 Bloodlines
39:32 Capped Ram
43:19 Hussar
emrecankurttt54
0:33 Loom
16:24 Feudal Age
17:59 Double-Bit Axe
21:14 Fishing Lines
24:57 Castle Age
25:16 Forging
25:08 Scale Mail Armor
28:21 Bow Saw
28:13 Gillnets
33:16 Chemistry
32:28 Fortified Wall
31:58 Treadmill Crane
32:42 Caravan
39:34 Imperial Age
37:41 Wheelbarrow
36:51 Town Watch
37:12 Horse Collar
37:53 Masonry
41:04 Man-at-Arms
41:04 Pikeman
41:46 Squires
41:33 Arson
43:02 Iron Casting
42:42 Chain Mail Armor
41:53 Long Swordsman
41:53 Halberdier
42:51 Two-Handed Swordsman
43:46 Town Patrol
44:03 Hand Cart
44:24 Redemption
45:25 Plate Mail Armor
45:56 Blast Furnace
46:42 Champion
vanvuongnguyen614
0:32 Loom
12:43 Feudal Age
16:54 Castle Age
14:47 Double-Bit Axe
15:20 Horse Collar
17:35 Wheelbarrow
24:10 Bow Saw
24:01 Heavy Plow
26:03 Caravan
26:48 Gold Mining
30:23 Hand Cart
30:07 Stone Mining
33:29 Imperial Age
32:28 Ballistics
32:00 Fletching
32:11 Padded Archer Armor
32:22 Forging
33:18 Stone Shaft Mining
33:11 Husbandry
33:22 Bloodlines
33:09 Bodkin Arrow
33:20 Scale Barding Armor
35:10 Chemistry
34:54 Iron Casting
34:28 Thumb Ring
34:28 Town Watch
35:15 Crop Rotation
35:47 Two-Man Saw
35:16 Elite Battle Elephant
36:03 Town Patrol
37:19 Bracer
37:40 Chain Barding Armor
37:36 Leather Archer Armor
42:16 Paper Money
41:16 Elite Rattan Archer
LordEistee
Örfdemadafaka
0:28 Loom
17:28 Feudal Age
21:36 Castle Age
19:43 Double-Bit Axe
19:53 Horse Collar
23:03 Wheelbarrow
22:14 Town Watch
23:02 Bow Saw
23:26 Heavy Plow
23:24 Fishing Lines
27:40 Stone Mining
27:40 Gold Mining
29:33 Hand Cart
30:31 Town Patrol
35:11 Imperial Age
35:06 Gold Shaft Mining
35:06 Stone Shaft Mining
35:32 Caravan
36:26 Ballistics
37:07 Chemistry
36:03 Murder Holes
36:25 Forging
36:15 Scale Mail Armor
36:06 Fletching
36:55 Gillnets
37:39 Crop Rotation
37:48 Iron Casting
37:28 Chain Mail Armor
37:18 Scale Barding Armor
37:14 Padded Archer Armor
39:10 Elite Ballista Elephant
39:51 Double Crossbow
40:12 Conscription
43:26 Blast Furnace
42:46 Chain Barding Armor
42:21 Bodkin Arrow
42:41 Leather Archer Armor
42:04 Man-at-Arms
42:04 Pikeman
42:29 Arson
42:07 Crossbowman
42:07 Elite Skirmisher
42:07 Heavy Cavalry Archer
42:10 Capped Ram
42:10 Heavy Scorpion
44:27 Halberdier
45:46 Husbandry
45:57 Bloodlines
45:07 Cavalier
48:52 Long Swordsman
49:00 Siege Ram
49:00 Onager
50:19 Plate Barding Armor
49:44 Bracer
50:15 Ring Archer Armor
49:08 Arbalester
50:14 Parthian Tactics
50:06 Redemption
50:16 Sanctity
49:57 Devotion
50:32 Theocracy
50:23 Illumination
49:53 Herbal Medicine
50:10 Fervor
50:13 Masonry
49:53 Heated Shot
50:08 Siege Engineers
50:13 Careening
50:14 Fortified Wall
49:55 Guard Tower
50:15 Clinker Construction
50:12 Siphons
standinshakun
10:17 Feudal Age
8:36 Loom
16:47 Double-Bit Axe
19:20 Loom
22:18 Castle Age
22:13 Scale Barding Armor
22:19 Forging
22:21 Gold Mining
24:34 Stone Mining
26:08 Wheelbarrow
34:26 Hand Cart
36:53 Imperial Age
38:26 Imperial Age
36:57 Chain Barding Armor
37:15 Iron Casting
38:30 Coinage
38:00 Caravan
41:06 Cavalier
41:48 Husbandry
43:33 Plate Barding Armor
43:58 Blast Furnace
42:43 Paladin
44:26 Conscription
44:13 Chivalry
47:32 Chemistry
46:53 Ballistics
48:15 Banking
刺猬
1:22 Loom
10:44 Feudal Age
11:11 Double-Bit Axe
12:08 Stone Mining
14:49 Horse Collar
22:22 Castle Age
20:17 Gold Mining
23:15 Bow Saw
27:28 Stone Shaft Mining
27:06 Fervor
27:24 Heavy Plow
27:50 Treadmill Crane
30:08 Ballistics
30:47 Gold Shaft Mining
31:14 Wheelbarrow
32:10 Red Cliffs Tactics
33:34 Caravan
37:35 Imperial Age
35:38 Hand Cart
35:24 Murder Holes
37:25 Fletching
37:35 Padded Archer Armor
37:46 Forging
37:36 Scale Mail Armor
37:42 Scale Barding Armor
37:50 Masonry
37:31 Heated Shot
38:05 Arson
38:20 Squires
39:30 Chemistry
37:55 Elite Fire Archer
38:36 Sitting Tiger
38:57 Conscription
39:01 Bodkin Arrow
39:41 Architecture
42:32 Bracer
43:39 Medium Warships
Lieut.Wan
0:32 Loom
6:26 Wheelbarrow
17:07 Feudal Age
15:25 Horse Collar
16:17 Double-Bit Axe
16:24 Gold Mining
16:35 Stone Mining
22:43 Bow Saw
28:55 Castle Age
26:58 Heavy Plow
27:36 Gold Shaft Mining
27:42 Stone Shaft Mining
27:11 Fletching
27:32 Forging
31:16 Scale Barding Armor
31:20 Husbandry
30:41 Cavalier
32:16 Treadmill Crane
33:54 Two-Man Saw
35:58 Chain Barding Armor
36:20 Iron Casting
36:49 Crop Rotation
38:02 Hand Cart
42:04 Imperial Age
39:23 Town Watch
40:06 Caravan
40:32 Ballistics
40:50 Bodkin Arrow
43:18 Conscription
42:43 Onager
44:23 Paladin
45:41 Plate Barding Armor
52:07 Chemistry
50:36 Pikeman
51:17 Squires
51:21 Town Patrol
Connection lost

Rejoining the realm…

Still unreachable

The connection could not be restored.

Session expired

The server has moved on; the page needs a fresh start.